[Event "45th FIDE Womens Olympiad 2024"]
[Site "Budapest"]
[Date "2024.09.19"]
[Round "8.234"]
[White "Moreno Mora, Milaydes Lourdes"]
[Black "Lopez L., Dairyn D."]
[Result "1/2-1/2"]
[ECO "B06"]
[WhiteElo "1694"]
[BlackElo "1740"]
[PlyCount "86"]
[EventDate "2024.09.05"]
[EventType "team-tourn"]
[EventCountry "HUN"]
[WhiteTeam "Aruba"]
[BlackTeam "Guatemala"]
[WhiteTeamCountry "ARN"]
[BlackTeamCountry "GUA"]
[TimeControl "40/5400+30:1800+30"]

1. e4 g6 2. d4 d6 3. Nc3 Bg7 4. h4 h5 5. Be3 a6 6. Nh3 Nh6 7. f3 b5 8. Qd2 Nd7 9. Ng5 Nb6 10. a3 Bb7 11. Bd3 d5 12. exd5 Nxd5 13. Nxd5 Bxd5 14. Be4 Bxe4 15. Nxe4 Nf5 16. c3 Qd5 17. Bf4 c6 18. Qf2 f6 19. Rd1 Kf7 20. O-O Rag8 21. Rfe1 Bf8 22. Nc5 Rh7 23. Re6 Bh6 24. Bxh6 Rxh6 25. Qd2 Rhh8 26. Rde1 Re8 27. Qf4 Rhg8 28. Nxa6 Ng7 29. R6e2 Nf5 30. Nc7 Qd7 31. Nxe8 Rxe8 32. g3 Qd5 33. Kf2 c5 34. Qe4 Qd8 35. dxc5 Qc7 36. b4 Qxg3+ 37. Kf1 Qh3+ 38. Kg1 Nxh4 39. Rf1 Qg3+ 40. Kh1 Qh3+ 41. Kg1 Qg3+ 42. Kh1 Qh3+ 43. Kg1 Qg3+ 1/2-1/2

[Event "45th FIDE Womens Olympiad 2024"]
[Site "Budapest"]
[Date "2024.09.19"]
[Round "8.235"]
[White "Santiago Sontay, Jenny Fernanda"]
[Black "Aponte, Samantha"]
[Result "1-0"]
[ECO "A45"]
[WhiteElo "1773"]
[BlackElo "1454"]
[PlyCount "49"]
[EventDate "2024.09.05"]
[EventType "team-tourn"]
[EventCountry "HUN"]
[WhiteTeam "Guatemala"]
[BlackTeam "Aruba"]
[WhiteTeamCountry "GUA"]
[BlackTeamCountry "ARN"]
[TimeControl "40/5400+30:1800+30"]

1. d4 Nf6 2. e3 b6 3. f4 Bb7 4. Nf3 e6 5. Bd3 Be7 6. c3 O-O 7. O-O d5 8. Ne5 c5 9. Nd2 Nbd7 10. Ndf3 Ne4 11. Bd2 f6 12. Nxd7 Qxd7 13. Be1 Bd6 14. Bd2 Rae8 15. Qe1 a6 16. Qh4 Bc7 17. Rad1 Rf7 18. Bc1 Ref8 19. g4 Qe8 20. Rde1 e5 21. Re2 cxd4 22. exd4 exf4 23. g5 fxg5 24. Nxg5 Qd8 25. Qxh7# 1-0

[Event "45th FIDE Womens Olympiad 2024"]
[Site "Budapest"]
[Date "2024.09.19"]
[Round "8.236"]
[White "Cabral, Sylvi"]
[Black "Mazariegos, Silvia Carolina"]
[Result "1-0"]
[ECO "B02"]
[WhiteElo "1471"]
[BlackElo "1878"]
[PlyCount "56"]
[EventDate "2024.09.05"]
[EventType "team-tourn"]
[EventCountry "HUN"]
[WhiteTeam "Aruba"]
[BlackTeam "Guatemala"]
[WhiteTeamCountry "ARN"]
[BlackTeamCountry "GUA"]
[TimeControl "40/5400+30:1800+30"]

1. e4 Nf6 2. Nc3 d5 3. exd5 Nxd5 4. Nf3 Bf5 5. a3 e6 6. Be2 Bd6 7. O-O c6 8. Re1 Nd7 9. b3 Nxc3 10. dxc3 Qc7 11. Bb2 O-O-O 12. Bd3 Bg4 13. h3 Bh5 14. c4 Nf6 15. g4 Bg6 16. Qe2 Rhg8 17. Rad1 Bxd3 18. Rxd3 Nd7 19. Ng5 Nc5 20. Rdd1 h6 21. Nf3 Nd7 22. b4 c5 23. b5 Be7 24. Rd3 Bf6 25. Bxf6 Nxf6 26. Red1 Rxd3 27. cxd3 Rd8 28. a4 Qf4 1-0

[Event "45th FIDE Womens Olympiad 2024"]
[Site "Budapest"]
[Date "2024.09.19"]
[Round "8.237"]
[White "Wilson, Hannah"]
[Black "Jambo, Linda"]
[Result "1-0"]
[ECO "C50"]
[WhiteElo "1888"]
[BlackElo "1629"]
[PlyCount "35"]
[EventDate "2024.09.05"]
[EventType "team-tourn"]
[EventCountry "HUN"]
[WhiteTeam "Barbados"]
[BlackTeam "Malawi"]
[WhiteTeamCountry "BAR"]
[BlackTeamCountry "MWI"]
[TimeControl "40/5400+30:1800+30"]

1. e4 e5 2. Nf3 Nc6 3. d4 exd4 4. Bc4 Be7 5. c3 dxc3 6. Qd5 Nh6 7. Bxh6 O-O 8. Nxc3 Nb4 9. Qd2 gxh6 10. a3 Nc6 11. Qxh6 Bf6 12. O-O d6 13. Rad1 Bg4 14. Rd3 Bg7 15. Qf4 Bxf3 16. Rxf3 Ne5 17. Rg3 Nxc4 18. Qh6 1-0

[Event "45th FIDE Womens Olympiad 2024"]
[Site "Budapest"]
[Date "2024.09.19"]
[Round "8.238"]
[White "Msukwa, Tupokiwe"]
[Black "Blackman, Katrina"]
[Result "0-1"]
[ECO "A85"]
[WhiteElo "1674"]
[BlackElo "1814"]
[PlyCount "78"]
[EventDate "2024.09.05"]
[EventType "team-tourn"]
[EventCountry "HUN"]
[WhiteTeam "Malawi"]
[BlackTeam "Barbados"]
[WhiteTeamCountry "MWI"]
[BlackTeamCountry "BAR"]
[TimeControl "40/5400+30:1800+30"]

1. d4 e6 2. c4 f5 3. Bf4 Nf6 4. Nf3 b6 5. Nc3 Bb7 6. e3 Be7 7. Be2 O-O 8. h3 Ne4 9. O-O d6 10. d5 e5 11. Bh2 Nxc3 12. bxc3 Nd7 13. Qc2 Nc5 14. Rfd1 Qe8 15. Nd2 Bc8 16. Nb3 Ne4 17. f4 Bf6 18. Bf3 exf4 19. Bxe4 fxe4 20. Bxf4 Qg6 21. Kh2 Bd7 22. Nd4 Rae8 23. Rf1 Rf7 24. Qe2 Ref8 25. Rab1 Bg5 26. Bxg5 Qxg5 27. Rxf7 Rxf7 28. Qe1 Qf6 29. Rb2 g6 30. Qg3 Qf1 31. Re2 Qa1 32. Qh4 Qxc3 33. Qd8+ Kg7 34. Ne6+ Bxe6 35. dxe6 Qe5+ 36. Kg1 Qxe6 37. Rc2 Qf6 38. Qa8 Qf1+ 39. Kh2 Qd3 {0-} 0-1

[Event "45th FIDE Womens Olympiad 2024"]
[Site "Budapest"]
[Date "2024.09.19"]
[Round "8.240"]
[White "Jaylos Rachel"]
[Black "Eversley, Kiarra"]
[Result "1-0"]
[ECO "B95"]
[WhiteElo "1540"]
[BlackElo "1615"]
[PlyCount "59"]
[EventDate "2024.09.05"]
[EventType "team-tourn"]
[EventCountry "HUN"]
[WhiteTeam "Malawi"]
[BlackTeam "Barbados"]
[WhiteTeamCountry "MWI"]
[BlackTeamCountry "BAR"]
[TimeControl "40/5400+30:1800+30"]

1. e4 c5 2. Nf3 d6 3. d4 cxd4 4. Nxd4 Nf6 5. Nc3 e6 6. Bg5 Be7 7. Bd3 a6 8. h3 Qc7 9. O-O Nc6 10. Nb3 b5 11. a3 Bb7 12. Ne2 O-O 13. Ng3 d5 14. exd5 Nxd5 15. Bxe7 Ncxe7 16. Re1 Rfd8 17. Rc1 Nf4 18. Ne4 Neg6 19. Re3 Ne5 20. Nbc5 Rd5 21. Nxb7 Qxb7 22. Rg3 Kh8 23. Qd2 Nfxd3 24. cxd3 Rad8 25. Nc5 Qb6 26. b4 f6 27. Re1 R5d6 28. Qe3 Nxd3 29. Nxd3 Rxd3 30. Qxb6 1-0

[Event "45th FIDE Womens Olympiad 2024"]
[Site "Budapest"]
[Date "2024.09.19"]
[Round "8.241"]
[White "Nihaya, Ahmed"]
[Black "Aliu, Arlinda"]
[Result "1-0"]
[ECO "A42"]
[WhiteElo "1589"]
[BlackElo "1780"]
[PlyCount "91"]
[EventDate "2024.09.05"]
[EventType "team-tourn"]
[EventCountry "HUN"]
[WhiteTeam "Maldives"]
[BlackTeam "Kosovo *"]
[WhiteTeamCountry "MDV"]
[BlackTeamCountry "KOS"]
[TimeControl "40/5400+30:1800+30"]

1. c4 d6 2. d4 g6 3. Nc3 Bg7 4. e4 Nd7 5. Be3 Ngf6 6. Bd3 c5 7. d5 O-O 8. Nge2 Ne5 9. h3 Nxd3+ 10. Qxd3 b6 11. g4 e6 12. Bg5 Qd7 13. O-O-O e5 14. Qd2 Ba6 15. Qd3 Ne8 16. a4 Nc7 17. Nb5 Bxb5 18. axb5 a6 19. bxa6 b5 20. cxb5 Qxb5 21. Qxb5 Nxb5 22. Kc2 Rxa6 23. Be3 Rb8 24. Ra1 Rab6 25. Ra2 Bf6 26. Rha1 Nd4+ 27. Nxd4 cxd4 28. Bc1 Rc8+ 29. Kd1 Kg7 30. Ra6 Bd8 31. Rxb6 Bxb6 32. Ra6 Bc5 33. f4 f6 34. g5 Rb8 35. Rc6 Rb7 36. Kc2 Kf7 37. gxf6 Kxf6 38. Rc8 d3+ 39. Kd1 Rb4 40. fxe5+ Kxe5 41. Re8+ Kf6 42. Bd2 Kf7 43. Bxb4 Kxe8 44. Bxc5 dxc5 45. b3 Ke7 46. e5 1-0

[Event "45th FIDE Womens Olympiad 2024"]
[Site "Budapest"]
[Date "2024.09.19"]
[Round "8.243"]
[White "Aishath Iva Hassan"]
[Black "Saraci, Rinesa"]
[Result "1-0"]
[ECO "D02"]
[WhiteElo "1422"]
[BlackElo "1757"]
[PlyCount "129"]
[EventDate "2024.09.05"]
[EventType "team-tourn"]
[EventCountry "HUN"]
[WhiteTeam "Maldives"]
[BlackTeam "Kosovo *"]
[WhiteTeamCountry "MDV"]
[BlackTeamCountry "KOS"]
[TimeControl "40/5400+30:1800+30"]

1. d4 Nf6 2. Bf4 e6 3. e3 d5 4. Nf3 c5 5. c3 Nc6 6. Bd3 Bd6 7. Bg3 O-O 8. Nbd2 b6 9. Qe2 cxd4 10. cxd4 Bb7 11. a3 Rc8 12. Rd1 Re8 13. Ne5 g6 14. h4 Nh5 15. Qf3 Qc7 16. Ng4 Bxg3 17. fxg3 f5 18. Nf2 Qxg3 19. Qxg3 Nxg3 20. Rh3 Nh5 21. g4 Nf6 22. g5 Nh5 23. Nh1 e5 24. dxe5 Nxe5 25. Be2 Ng4 26. Nf1 Rc7 27. Nf2 Nxf2 28. Kxf2 Rc2 29. Rd2 Rec8 30. b4 Rxd2 31. Nxd2 Rc2 32. Ke1 Ra2 33. Bxh5 gxh5 34. Nf3 Rxa3 35. Nd4 f4 36. Kf2 fxe3+ 37. Rxe3 Ra2+ 38. Kg3 Rb2 39. b5 Kf7 40. Nf5 Bc8 41. Nd6+ Kg6 42. Nxc8 Rxb5 43. Nxa7 Rb4 44. Rd3 Rg4+ 45. Kh3 Rg1 46. Rxd5 Rh1+ 47. Kg3 Rg1+ 48. Kh2 Rg4 49. Kh3 Rg1 50. Rd4 Kf5 51. Rb4 Ra1 52. Nc8 Ra3+ 53. Kg2 Ra2+ 54. Kf3 Ra3+ 55. Ke2 Ra2+ 56. Kd3 Ra3+ 57. Kc4 Kg4 58. Kb5+ Kh3 59. Nxb6 Rg3 60. Nd5 Rg4 61. Nf6 Rg2 62. Nxh7 Re2 63. Nf6 Re5+ 64. Ka4 Re6 65. Nxh5 1-0

[Event "45th FIDE Womens Olympiad 2024"]
[Site "Budapest"]
[Date "2024.09.19"]
[Round "8.244"]
[White "Sharku, Elma"]
[Black "Fathmath Zoya Hassan Saeed"]
[Result "0-1"]
[ECO "C56"]
[WhiteElo "1496"]
[BlackElo "1406"]
[PlyCount "62"]
[EventDate "2024.09.05"]
[EventType "team-tourn"]
[EventCountry "HUN"]
[WhiteTeam "Kosovo *"]
[BlackTeam "Maldives"]
[WhiteTeamCountry "KOS"]
[BlackTeamCountry "MDV"]
[TimeControl "40/5400+30:1800+30"]

1. e4 e5 2. Nf3 Nc6 3. d4 exd4 4. Bc4 Nf6 5. e5 d5 6. Bb5 Ne4 7. Nxd4 Bd7 8. Nxc6 bxc6 9. Bd3 Nc5 10. O-O Be7 11. a3 O-O 12. Nc3 a5 13. Be2 Be6 14. b3 f6 15. f4 Nd7 16. Bb2 fxe5 17. fxe5 Rxf1+ 18. Bxf1 Bc5+ 19. Kh1 Nxe5 20. Qe2 Bd4 21. Re1 Bf7 22. Qd2 c5 23. b4 axb4 24. axb4 Nc6 25. bxc5 Bxc5 26. Ne2 Qd6 27. Qc3 Qf8 28. Nf4 Bb4 29. Qxc6 Bxe1 30. Nxd5 Be8 31. Qxa8 Qxf1# {0-} 0-1

[Event "45th FIDE Womens Olympiad 2024"]
[Site "Budapest"]
[Date "2024.09.19"]
[Round "8.245"]
[White "Ndirangu, Joyce Nyaruai"]
[Black "Sosna Mehari Abraham"]
[Result "1-0"]
[ECO "D50"]
[WhiteElo "1782"]
[BlackElo "1541"]
[PlyCount "57"]
[EventDate "2024.09.05"]
[EventType "team-tourn"]
[EventCountry "HUN"]
[WhiteTeam "Kenya"]
[BlackTeam "Eritrea"]
[WhiteTeamCountry "KEN"]
[BlackTeamCountry "ERI"]
[TimeControl "40/5400+30:1800+30"]

1. d4 Nf6 2. c4 d5 3. Nc3 e6 4. Bg5 c6 5. e3 Bb4 6. Qb3 Bd6 7. Nf3 Nbd7 8. Rc1 h6 9. Bh4 Qc7 10. Bd3 O-O 11. O-O b6 12. cxd5 exd5 13. Nb5 Qb8 14. Rxc6 Ne8 15. Nxd6 Nxd6 16. Bg3 Qb7 17. Rxd6 Nf6 18. Rc1 Be6 19. Rdc6 Rac8 20. Rc7 Rxc7 21. Rxc7 Qa8 22. Ba6 Ne4 23. Ne5 Nxg3 24. hxg3 f6 25. Ng6 Re8 26. Ne7+ Kf8 27. Qa3 Kf7 28. Nc6+ Kg6 29. Bb7 1-0

[Event "45th FIDE Womens Olympiad 2024"]
[Site "Budapest"]
[Date "2024.09.19"]
[Round "8.246"]
[White "Besrat Mesgena Yoseph"]
[Black "Mutisya, Jully"]
[Result "0-1"]
[ECO "B08"]
[WhiteElo "1557"]
[BlackElo "1750"]
[PlyCount "92"]
[EventDate "2024.09.05"]
[EventType "team-tourn"]
[EventCountry "HUN"]
[WhiteTeam "Eritrea"]
[BlackTeam "Kenya"]
[WhiteTeamCountry "ERI"]
[BlackTeamCountry "KEN"]
[TimeControl "40/5400+30:1800+30"]

1. e4 d6 2. Nf3 Nf6 3. Nc3 g6 4. Be2 Bg7 5. O-O O-O 6. h3 c6 7. d4 Nbd7 8. e5 Ne8 9. Ng5 dxe5 10. dxe5 Bxe5 11. Re1 Bg7 12. Bd3 e5 13. Qf3 Nc5 14. Bc4 Qe7 15. Be3 Ne6 16. Qg4 Nf6 17. Qh4 Nh5 18. Be2 h6 19. Nf3 Qxh4 20. Nxh4 Nhf4 21. Rad1 Nxe2+ 22. Rxe2 Nd4 23. Red2 g5 24. Nf3 Nxf3+ 25. gxf3 Bxh3 26. Ne4 b6 27. Rd6 f5 28. Kh2 fxe4 29. Kxh3 exf3 30. Rxc6 Rf6 31. Rc7 Rf7 32. Rc6 Re8 33. b3 e4 34. Kg4 Re5 35. Rd8+ Kh7 36. Kh5 Ref5 37. Bd4 g4+ 38. Kxg4 Bxd4 39. Rxd4 e3 40. Rd1 e2 41. Re1 Rg5+ 42. Kh4 Rg2 43. Kh5 Rh2+ 44. Kg4 Rxf2 45. Rh1 Rg2+ 46. Kh5 f2 {0-} 0-1

[Event "45th FIDE Womens Olympiad 2024"]
[Site "Budapest"]
[Date "2024.09.19"]
[Round "8.247"]
[White "Karanja, Ether"]
[Black "Elshalom Essayas Berhane"]
[Result "1-0"]
[ECO "B13"]
[WhiteElo "1637"]
[BlackElo "1659"]
[PlyCount "135"]
[EventDate "2024.09.05"]
[EventType "team-tourn"]
[EventCountry "HUN"]
[WhiteTeam "Kenya"]
[BlackTeam "Eritrea"]
[WhiteTeamCountry "KEN"]
[BlackTeamCountry "ERI"]
[TimeControl "40/5400+30:1800+30"]

1. d4 e6 2. Bf4 Nf6 3. e3 c5 4. c3 Nc6 5. Nf3 cxd4 6. exd4 d5 7. Bd3 Bd6 8. Be3 Bd7 9. Nbd2 O-O 10. h3 Rc8 11. O-O e5 12. dxe5 Bxe5 13. Nxe5 Nxe5 14. Bc2 Bb5 15. Re1 Nd3 16. Bxd3 Bxd3 17. Nb3 Bc4 18. Qd4 b6 19. Bg5 Rc6 20. Re3 Qc7 21. Bxf6 Rxf6 22. Rae1 Rd6 23. Nd2 Rd7 24. a3 Ba6 25. Nf3 f6 26. Qb4 Qc5 27. Re7 Rfd8 28. Nd4 Qxb4 29. axb4 Kf8 30. R7e3 Rc8 31. f3 Kf7 32. Kf2 g6 33. Kg3 Rcc7 34. h4 Bb7 35. Nb5 d4 36. Nxd4 Re7 37. Rxe7+ Rxe7 38. Rxe7+ Kxe7 39. Kf4 a6 40. b3 Kd6 41. g4 Kd5 42. h5 Bc8 43. hxg6 hxg6 44. g5 f5 45. Nc2 b5 46. Ne3+ Kd6 47. c4 Be6 48. c5+ Kc6 49. Ke5 Bxb3 50. Kf6 f4 51. Ng2 Bd1 52. Kxg6 Bxf3 53. Nxf4 a5 54. bxa5 Kxc5 55. Nd3+ Kd6 56. Kf6 Be4 57. Nb4 Kc5 58. g6 Kxb4 59. a6 Kc5 60. a7 Kb6 61. g7 Bd5 62. a8=Q Bxa8 63. g8=Q Bc6 64. Ke5 b4 65. Qb3 Ka5 66. Kd4 Bb5 67. Kc5 Ba4 68. Qxb4+ 1-0

[Event "45th FIDE Womens Olympiad 2024"]
[Site "Budapest"]
[Date "2024.09.19"]
[Round "8.249"]
[White "Ghitza, Elena"]
[Black "Sisior, Angelil"]
[Result "1-0"]
[ECO "A86"]
[WhiteElo "1817"]
[BlackElo "1691"]
[PlyCount "75"]
[EventDate "2024.09.05"]
[EventType "team-tourn"]
[EventCountry "HUN"]
[WhiteTeam "Malta"]
[BlackTeam "Palau"]
[WhiteTeamCountry "MLT"]
[BlackTeamCountry "PAL"]
[TimeControl "40/5400+30:1800+30"]

1. c4 e5 2. g3 g6 3. Nc3 Bg7 4. Bg2 f5 5. e3 d6 6. d4 Nd7 7. Nge2 Ngf6 8. O-O c6 9. e4 Rg8 10. Qb3 h6 11. exf5 gxf5 12. Re1 Qe7 13. Nf4 Qf7 14. Bd2 Kf8 15. dxe5 Nxe5 16. Rxe5 dxe5 17. Qb4+ Ke8 18. Re1 Nd7 19. Bf3 Bf8 20. Qa5 b6 21. Qa4 Qf6 22. Bxc6 Rb8 23. Nfd5 Qg7 24. Qxa7 Bd6 25. Nb5 Qg6 26. Nxb6 Rg7 27. c5 Bxc5 28. Rxe5+ Kf8 29. Nxd7+ Rxd7 30. Qxc5+ Kf7 31. Bxd7 Bxd7 32. Re7+ Kg8 33. Rxd7 Re8 34. Qd5+ Qe6 35. Qxe6+ Rxe6 36. Bc3 Kf8 37. Nd4 Ke8 38. Rb7 1-0

[Event "45th FIDE Womens Olympiad 2024"]
[Site "Budapest"]
[Date "2024.09.19"]
[Round "8.250"]
[White "Gemota, Joan"]
[Black "Thornton, Filipina"]
[Result "0-1"]
[ECO "D00"]
[WhiteElo "1567"]
[BlackElo "1768"]
[PlyCount "44"]
[EventDate "2024.09.05"]
[EventType "team-tourn"]
[EventCountry "HUN"]
[WhiteTeam "Palau"]
[BlackTeam "Malta"]
[WhiteTeamCountry "PAL"]
[BlackTeamCountry "MLT"]
[TimeControl "40/5400+30:1800+30"]

1. d4 d5 2. Nf3 Nf6 3. Nc3 Bg4 4. Bg5 e6 5. e3 Be7 6. Be2 Nbd7 7. Qd2 h6 8. Bf4 a6 9. Ne5 Bxe2 10. Nxe2 Ne4 11. Qd3 c5 12. Nxd7 Qxd7 13. Ng3 g5 14. Be5 f6 15. Nxe4 dxe4 16. Qxe4 fxe5 17. Qxe5 O-O-O 18. O-O-O c4 19. d5 exd5 20. Rxd5 Qxd5 21. Qxe7 Qd2+ 22. Kb1 Qc3 {0-} 0-1

[Event "45th FIDE Womens Olympiad 2024"]
[Site "Budapest"]
[Date "2024.09.19"]
[Round "8.251"]
[White "Stagno, Milena"]
[Black "Sisior, Dilyolt Kyarii Parra"]
[Result "1-0"]
[ECO "B12"]
[WhiteElo "1664"]
[BlackElo "1488"]
[PlyCount "53"]
[EventDate "2024.09.05"]
[EventType "team-tourn"]
[EventCountry "HUN"]
[WhiteTeam "Malta"]
[BlackTeam "Palau"]
[WhiteTeamCountry "MLT"]
[BlackTeamCountry "PAL"]
[TimeControl "40/5400+30:1800+30"]

1. e4 c6 2. d4 d5 3. e5 c5 4. c3 Nc6 5. Nf3 Bg4 6. Be2 e6 7. Be3 Nge7 8. h3 Bxf3 9. Bxf3 Nf5 10. O-O Nxe3 11. fxe3 g6 12. Na3 Bg7 13. Nb5 O-O 14. Nd6 f6 15. Nxb7 Qe7 16. Nxc5 fxe5 17. Bg4 Rxf1+ 18. Qxf1 Rf8 19. Bxe6+ Kh8 20. Qb5 Nxd4 21. exd4 exd4 22. Bxd5 dxc3 23. bxc3 Bxc3 24. Rd1 Qe3+ 25. Kh1 a6 26. Qc6 Qg3 27. Ne4 1-0

[Event "45th FIDE Womens Olympiad 2024"]
[Site "Budapest"]
[Date "2024.09.19"]
[Round "8.252"]
[White "Parrado, Angelica"]
[Black "Portelli, Martina"]
[Result "0-1"]
[ECO "A03"]
[WhiteElo "1741"]
[BlackElo "1523"]
[PlyCount "48"]
[EventDate "2024.09.05"]
[EventType "team-tourn"]
[EventCountry "HUN"]
[WhiteTeam "Palau"]
[BlackTeam "Malta"]
[WhiteTeamCountry "PAL"]
[BlackTeamCountry "MLT"]
[TimeControl "40/5400+30:1800+30"]

1. d4 Nf6 2. e3 d5 3. Bd3 g6 4. Nd2 Bg7 5. c3 O-O 6. f4 b6 7. Ngf3 c5 8. O-O Nc6 9. Ne5 Nxe5 10. fxe5 Nd7 11. Nf3 e6 12. Bd2 f6 13. exf6 Nxf6 14. h3 Qc7 15. Ng5 e5 16. e4 h6 17. dxe5 hxg5 18. exf6 Bxf6 19. exd5 Bxh3 20. Bxg6 Qg3 21. Qf3 Bd4+ 22. cxd4 Rxf3 23. Bf7+ Rxf7 24. Rxf7 Qxg2# {0-} 0-1

[Event "45th FIDE Womens Olympiad 2024"]
[Site "Budapest"]
[Date "2024.09.19"]
[Round "8.253"]
[White "Strade, Arita"]
[Black "Nomcebo, Sibisi"]
[Result "1-0"]
[ECO "C01"]
[WhiteElo "1946"]
[BlackElo "1570"]
[PlyCount "101"]
[EventDate "2024.09.05"]
[EventType "team-tourn"]
[EventCountry "HUN"]
[WhiteTeam "Guernsey"]
[BlackTeam "Eswatini"]
[WhiteTeamCountry "GCI"]
[TimeControl "40/5400+30:1800+30"]

1. e4 e6 2. d4 d5 3. Bd3 c5 4. dxc5 Bxc5 5. exd5 Qxd5 6. Bb5+ Nc6 7. Qxd5 exd5 8. Nf3 Nf6 9. O-O O-O 10. Nbd2 a6 11. Ba4 b5 12. Bb3 Na5 13. a4 Bd7 14. Ne5 Be6 15. Nd3 Bd6 16. c3 Nc4 17. Nf3 Ne4 18. Bc2 Bg4 19. Nd4 bxa4 20. f3 Bh5 21. fxe4 dxe4 22. Ne1 e3 23. Nef3 f5 24. Rxa4 Nb6 25. Ra5 Bxf3 26. Rxf3 f4 27. Bb3+ Kh8 28. Kf1 h6 29. h4 Nd7 30. Rd5 Rf6 31. Nf5 Ne5 32. Nxd6 Nxf3 33. gxf3 Ra7 34. Ne4 Rf8 35. Bc2 a5 36. b3 Rg8 37. c4 Re8 38. Bb2 Rb8 39. Be5 Rf8 40. Bxf4 Raf7 41. Bxe3 Rxf3+ 42. Ke2 Rh3 43. h5 Kg8 44. Nf2 Rh4 45. Rxa5 Rh2 46. Bg6 Rg2 47. Ra7 Rf6 48. c5 Rh2 49. c6 Rg2 50. c7 Rc6 51. Ra8# 1-0

[Event "45th FIDE Womens Olympiad 2024"]
[Site "Budapest"]
[Date "2024.09.19"]
[Round "8.254"]
[White "Nkwanyane Nolwazi"]
[Black "Nevska, Gerda"]
[Result "0-1"]
[ECO "B27"]
[WhiteElo "1542"]
[BlackElo "1892"]
[PlyCount "100"]
[EventDate "2024.09.05"]
[EventType "team-tourn"]
[EventCountry "HUN"]
[WhiteTeam "Eswatini"]
[BlackTeam "Guernsey"]
[BlackTeamCountry "GCI"]
[TimeControl "40/5400+30:1800+30"]

1. e4 c5 2. Nf3 g6 3. d4 cxd4 4. Nxd4 Bg7 5. Nc3 a6 6. Bc4 Qc7 7. Bb3 e6 8. Nce2 Ne7 9. Be3 O-O 10. Qd2 Rd8 11. f4 Nbc6 12. c3 Na5 13. Qc2 Nxb3 14. Qxb3 Nc6 15. O-O Na5 16. Qd1 Nc4 17. Qc1 Nxe3 18. Qxe3 e5 19. fxe5 Qxe5 20. Qf4 f6 21. Rad1 b5 22. Qxe5 fxe5 23. Nc2 Bb7 24. Ng3 d5 25. Rfe1 dxe4 26. Rxd8+ Rxd8 27. Nxe4 Bxe4 28. Rxe4 Rd2 29. Nb4 a5 30. Nc6 Rxb2 31. Nxa5 Rxa2 32. Nc6 Ra4 33. Nb4 Kf7 34. Kf2 Ra3 35. Nd5 Ke6 36. Nc7+ Kf5 37. Nxb5 Kxe4 38. Nxa3 Kd3 39. c4 Bf8 40. Nb1 e4 41. Nc3 Bc5+ 42. Ke1 Kxc3 43. Ke2 Kxc4 44. g4 h6 45. h3 h5 46. gxh5 gxh5 47. Ke1 Kd3 48. Kf1 e3 49. Ke1 Bb4+ 50. Kd1 e2+ {0-} 0-1